Map: Orbital Shipyard

Players

Maniac

  • Race: Zerg Zerg
  • League: Diamond

TTS - Winner!

  • Race: Protoss Protoss
  • League: Platinum

VOD

Have the link to the VOD?

Description

Time

  • Played on: Feb. 23, 2016, 11:40 p.m.
  • Length: 3:47
Show
View Real Time Build Order
Export as new Build Order

Maniac Zerg 

Build Orders: Hatch First 

Get SALT Encoding   

  12  0:02  Drone  
  13  0:13  Overlord  
  13  0:19  Drone  
  14  0:31  Drone x2  
  16  0:36  Drone  
  17  0:46  Drone  
  18  1:00  Hatchery  
  17  1:05  Drone  
  18  1:32  Spawning Pool  
  17  1:45  Drone  
  18  1:49  Extractor  
  17  2:00  Drone  
  18  2:13  Drone  
  18  2:14  Drone x2  
  21  2:30  Queen  
  21  2:31  Queen  
  21  2:32  Zergling x4  
  21  2:34  Zergling x2  
  28  2:38  Spine Crawler, Zergling x2  
  28  2:39  Overlord  
  21  3:05  Zergling x2  
  21  3:12  Zergling x2  
  21  3:13  Zergling x8  
Show
View Real Time Build Order
Export as new Build Order

TTS Protoss - Winner!

Build Orders:  

Get SALT Encoding   

  12  0:01  Probe (Chrono Boost)  
  13  0:12  Probe (Chrono Boost)  
  14  0:22  Probe (Chrono Boost)  
  15  0:44  Pylon  
  15  1:02  Gateway, Probe (Chrono Boost)  
  15  1:04  Gateway  
  16  1:05  Gateway  
  16  1:13  Pylon, Probe (Chrono Boost)  
  17  1:23  Probe (Chrono Boost)  
  18  1:32  Assimilator  
  18  1:34  Probe (Chrono Boost)  
  19  1:44  Probe (Chrono Boost)  
  20  1:51  Cybernetics Core  
  24  1:55  Zealot (Chrono Boost)  
  24  1:57  Zealot x2 (Chrono Boost)  
  26  2:08  Pylon  
  26  2:28  Adept (Chrono Boost)  
  32  2:32  Adept x2 (Chrono Boost)  
  32  2:39  Pylon  
  32  2:52  Adept (Chrono Boost)  
  34  3:05  Adept x2 (Chrono Boost)  
  34  3:15  Adept (Chrono Boost)  
Tags
 
Add a new tag
Caveats
  • Supply blocks, unpowered buildings, or Contaminate may cause inaccurate times.
  • Supply counts are checked every 10 seconds.